 Dungeon Crawl Stone Soup version 0.29.1-14-g9c671dbff4 (webtiles) character file.

Game seed: 14420439744766236470

255 Cape the Charlatan (level 5, -1/45 HPs)
             Began as a Minotaur Artificer on Feb 16, 2023.
             Slain by Edmund
             ... wielding a +3 dire flail of holy wrath
              (8 damage)
             ... on level 5 of the Dungeon.
             The game lasted 00:12:43 (2882 turns).

Cape the Charlatan (Minotaur Artificer)             Turns: 2882, Time: 00:12:43

Health: -1/45      AC:  7    Str: 19    XL:     5   Next: 91%
Magic:  0/4        EV: 10    Int:  8    God:
Gold:   119        SH:  0    Dex: 10    Spells: 4/4 levels left

rFire   . . .      SeeInvis .   l - +4 spear
rCold   . . .      Faith    .   (no shield)
rNeg    . . .      Spirit   +   h - +0 scale mail
rPois   .          Reflect  .   (helmet restricted)
rElec   .          Harm     .   (no cloak)
rCorr   .          Rampage  .   (no gloves)
Will    .....                   (no boots)
Stlth   ..........              n - amulet of guardian spirit
HPRegen 0.15/turn               m - ring of flight
MPRegen 0.09/turn               (no ring)

@: flying
A: horns 2, retaliatory headbutt
a: no special abilities


You were on level 5 of the Dungeon.
You visited 1 branch of the dungeon, and saw 6 of its levels.

You collected 119 gold pieces.

Inventory:

Hand Weapons
 l - a +4 spear (weapon)
Missiles
 i - 7 poisoned darts (quivered)
Armour
 h - a +0 scale mail (worn)
Jewellery
 m - a ring of flight (left hand)
 n - an amulet of guardian spirit (around neck)
 s - a +6 ring of dexterity
Wands
 c - a wand of flame (15)
 d - a wand of charming (15)
 e - a wand of iceblast (5)
 o - a wand of quicksilver (12)
 r - a wand of mindburst (4)
Scrolls
 a - a scroll of enchant weapon
 b - a scroll of magic mapping {unknown}
 f - 2 scrolls of teleportation
 g - a scroll of fog {unknown}
 j - a scroll of identify
 k - a scroll of amnesia {unknown}
 p - a scroll of summoning {unknown}
Potions
 q - a potion of lignification {unknown}


   Skills:
 + Level 3.2 Fighting
 * Level 3.6 Polearms
 + Level 3.7 Armour
 - Level 1.1 Dodging
 - Level 0.7 Stealth
 * Level 4.1 Evocations


You had 4 spell levels left.
You didn't know any spells.
Your spell library contained the following spells:

 Spells                   Type           Power      Damage    Failure   Level
 Tukima's Dance           Hex            0%         N/A       98%         3
 Passage of Golubria      Tloc           0%         N/A       100%        4
 Yara's Violent Unravell  Hex/Tmut       0%         3d3       100%        5


Dungeon Overview and Level Annotations

Branches:
Dungeon (6/15)
 Temple: D:4-7

Altars:
Hepliaklqana
Okawaru

Annotations:
D:5 Edmund


Innate Abilities, Weirdness & Mutations

You have a pair of horns on your head.
You reflexively headbutt those who attack you in melee.


Message History

Edmund shouts!
Edmund says, "I might not be good at magic, but I can still kill you!"
Found an escape hatch in the ceiling.
Edmund says, "People will remember me!
They'll remember me and die!"
You see here a poisoned dart.
Edmund closely misses you.
There is a stone staircase leading up here.
Edmund hits you with a +3 dire flail of holy wrath!
There is a stone staircase leading up here.
Edmund hits you with a +3 dire flail of holy wrath!
You fly upwards.
You hear the sound of rushing water.
There is an entrance to a sewer on this level.
Hurry and find it before the portal rusts away!
The water moccasin hisses angrily.
There is a stone staircase leading down here.
Edmund attacks as you move away!
Edmund hits you with a +3 dire flail of holy wrath.
Edmund attacks as you move away!
Edmund hits you with a +3 dire flail of holy wrath!
Edmund barely misses you. Edmund attacks as you move away!
Edmund hits you with a +3 dire flail of holy wrath.
A hound comes into view.
The hound barks!
You hear a howl!
Edmund attacks as you move away!
Edmund hits you with a +3 dire flail of holy wrath!
* * * LOW HITPOINT WARNING * * *
A howler monkey comes into view.
The howler monkey howls!
The hound bites you but does no damage. The hound bites you but does no damage.
The howler monkey hoots and howls with incredible vigour!
The hound bites you but does no damage.
You hear an angry hiss.
You hear a shout!
You hear an angry hiss. x2
You hear a bark!
Found a long wooden wand.
The hound attacks as you move away! The hound closely misses you.
Edmund attacks as you move away!
Edmund hits you with a +3 dire flail of holy wrath!
You die...

### #.# #.. #.#
#.# #####.#######
#...........#
#....@h...#
#...h@....#
######....S#...#
#..........#/..#
#........### ....
#........# .....
#........###......
#.................
#........#####.


You could see Edmund, a water moccasin, a howler monkey (catching breath) and a
hound.

Vanquished Creatures
  2 hounds (D:4)
  7 gnolls (D:4)
  6 adders
  2 worms
  A dart slug (D:3)
  An orc (D:3)
  3 ball pythons
  An endoplasm (D:1)
  3 giant cockroaches
  6 goblins
  4 hobgoblins
  6 jackals (D:1)
  3 quokkas
  7 bats
  5 frilled lizards
  11 kobolds
  3 rats
71 creatures vanquished.

Notes
Turn   | Place    | Note
-------+----------+-------------------------------------------
     0 | D:1      | Cape the Minotaur Artificer began the quest for the Orb.
     0 | D:1      | Reached XP level 1. HP: 16/16 MP: 0/0
    66 | D:1      | Reached skill level 3 in Evocations
    84 | D:1      | Reached XP level 2. HP: 23/23 MP: 1/1
   527 | D:1      | Reached skill level 1 in Polearms
   921 | D:2      | Reached XP level 3. HP: 27/29 MP: 2/2
  1257 | D:2      | Found an iron altar of Okawaru.
  1645 | D:2      | Found a faded altar of an unknown god.
  1735 | D:3      | Reached XP level 4. HP: 37/37 MP: 3/3
  1747 | D:3      | Found a hazy altar of Hepliaklqana.
  2363 | D:4      | Reached XP level 5. HP: 38/44 MP: 4/4
  2597 | D:4      | Reached skill level 4 in Evocations
  2838 | D:4      | You are sucked into a shaft and drop 2 floors!
  2853 | D:6      | Noticed Edmund
  2868 | D:5      | Entered Level 5 of the Dungeon
  2868 | D:5      | Noticed a water moccasin
  2882 | D:5      | Slain by Edmund

Illustrated notes

Levels and vault maps discovered:
D:1:      saegor_arrival_miasma, layout_basic, serial_glass, glass_columns_a,
          glass_columns_b, minmay_strange_pillars, item_on_display_a,
          minmay_strange_pillars
D:2:      layout_loops_ring, chequers_ecumenical_altar_simple, basic_altar
D:3:      layout_basic, mainiacjoe_overflow_six_doors_small,
          minmay_fountain_box, grunt_ministairs_10
D:4:      layout_basic, nicolae_sif_muna_little_library,
          ebering_ghost_disaster_area
D:5:      layout_basic, minmay_temple_entry_overgrown, gup_sewer_entry_glass
D:6:      minmay_klotski, layout_cave_pods, serial_bayou, serial_bayou_pond_d,
          serial_bayou_pond_a, serial_bayou_shore_b, serial_bayou_pond_c,
          roderic_serpentine_path, uniq_edmund

Skill      XL: |  1  2  3  4  5 |
---------------+----------------+-----
Evocations     | 3 4 |  4.1
Fighting       | 2 3 |  3.2
Polearms       | 1 2 3 |  3.6
Armour         | 3 |  3.7
Dodging        | |  1.1
Stealth        | |  0.7

Action                   |  1- 3 |  4- 6 || total
-------------------------+-------+-------++-------
Melee: Club              |    14 |       ||    14
       Headbutt          |    12 |     7 ||    19
       Spear             |    87 |    85 ||   172
       Punch             |       |     1 ||     1
Throw: Dart              |       |     1 ||     1
  Use: Scroll            |       |     2 ||     2
Armor: Leather armour    |    16 |       ||    16
       Scale mail        |    13 |    26 ||    39
Dodge: Dodged            |    42 |    30 ||    72
